 Dungeon Crawl Stone Soup version 0.25-a0-578-gc91f01c39c (webtiles) character file.

Game seed: 17364938867142849728, levelgen mode: deterministic

49 Flugslaktarn the Covered (level 3, 34/34 HPs)
             Began as a Deep Dwarf Fighter on Mar 3, 2020.
             Quit the game on level 2 of the Dungeon.
             The game lasted 00:00:31 (423 turns).

Flugslaktarn the Covered (Deep Dwarf Fighter)        Turns: 423, Time: 00:00:32

Health: 34/34      AC:  7    Str: 20    XL:     3   Next: 51%
Magic:  1/1        EV:  7    Int:  8    God:
Gold:   72         SH:  9    Dex: 12    Spells: 2/2 levels left

rFire    . . .     SeeInvis .   a - +0 war axe
rCold    . . .     Gourm    .   c - +0 kite shield
rNeg     . . .     Faith    .   b - +0 scale mail
rPois    .         Spirit   .   (no helmet)
rElec    .         Reflect  .   (no cloak)
rCorr    .         Harm     .   (no gloves)
MR       .....                  (no boots)
Stlth    ..........             (no amulet)
HPRegen  0.00/turn              (no ring)
MPRegen  0.07/turn              (no ring)

@: non-regenerating
A: damage resistance, heal wounds, sense surroundings 1, no regeneration
a: Heal Wounds


You were on level 2 of the Dungeon.
You were not hungry.

You visited 1 branch of the dungeon, and saw 2 of its levels.

You collected 72 gold pieces.

Inventory:

Hand Weapons
 a - a +0 war axe (weapon)
Missiles
 i - a throwing net (quivered)
Armour
 b - a +0 scale mail (worn)
 c - a +0 kite shield (worn)
Scrolls
 f - 2 scrolls of identify {unknown}
 j - a scroll of teleportation {unknown}
 l - a scroll of magic mapping {unknown}
Potions
 d - a potion of might
 g - 2 potions of degeneration {unknown}
 k - a potion of heal wounds {unknown}
 m - a potion of berserk rage {unknown}
Comestibles
 e - 2 rations
 h - 3 chunks of flesh


   Skills:
 + Level 3.0 Fighting
 * Level 3.2 Axes
 + Level 3.7 Armour
 + Level 3.7 Shields


You had 2 spell levels left.
You didn't know any spells.
Your spell library was empty.

Dungeon Overview and Level Annotations

Branches:
Dungeon (2/15)

Altars:


Innate Abilities, Weirdness & Mutations

You are resistant to damage.
You can heal yourself by infusing magical energy.
You passively map a small area around you.
You do not regenerate.


Message History

You don't have any such object.
Quiver which item? (- for none, * to show all) (? for menu, Esc to quit)
That's the wrong kind of item! (Use * to select it.) Quiver which item? (- for none, * to show all) (? for menu, Esc to quit)
You don't have any such object.
Quiver which item? (- for none, * to show all) (? for menu, Esc to quit)
You don't have any such object.
Quiver which item? (- for none, * to show all) (? for menu, Esc to quit)
You don't have any such object.
Quiver which item? (- for none, * to show all) (? for menu, Esc to quit)
Huh?
Quiver which item? (- for none, * to show all) (? for menu, Esc to quit)
You don't have any such object.
Quiver which item? (- for none, * to show all) (? for menu, Esc to quit)
Okay, then.
Are you sure you want to abandon this character and quit the game? (Confirm with "yes".)
Okay, then.
Unknown command.
Unknown command.
Are you sure you want to abandon this character and quit the game? (Confirm with "yes".)

, ,
..................
..,
#...........÷..... ,
.#**..#####...####.#.
* ,,. ..# #...###.###
* #. #.# #.()##.## #
##.#.##.# #...###.###
........#####...#
##.#. *
#..........#####.# *
* ,
#@######.......### *
#.# ##.####.# , ,
#.#######.####.## ,
,**
*#†##............. ,
> *.....####.####.##
* *
...#.####.[.###<##
.#.................
##..##.####...####.#
*#. * ##)##* *


There were no monsters in sight!

Vanquished Creatures
  Natasha (D:2)
  A worm (D:2)
  A dart slug (D:1)
  A giant cockroach (D:1)
  5 goblins
  4 hobgoblins
  A bat (D:1)
  3 kobolds (D:1)
  5 rats
22 creatures vanquished.

Notes
Turn   | Place    | Note
-------+----------+-------------------------------------------
     0 | D:1      | Flugslaktarn the Deep Dwarf Fighter began the quest for the
                  | Orb.
     0 | D:1      | Reached XP level 1. HP: 20/20 MP: 1/1
   131 | D:1      | Reached XP level 2. HP: 20/27 MP: 2/2
   344 | D:2      | Noticed Natasha
   354 | D:2      | Killed Natasha
   354 | D:2      | Reached XP level 3. HP: 20/34 MP: 2/2
   423 | D:2      | Quit the game

Levels and vault maps discovered:
D:1:      minmay_arrival_hallway, layout_loops_ring, minmay_misc_feat_ornament,
          minmay_tall_x
D:2:      layout_loops_cross, uniq_natasha

Skill      XL: |  1  2 |
---------------+-------+-----
Fighting       | 3 |  3.0
Axes           | 3 |  3.2
Armour         | |  3.7
Shields        | |  3.7

Action                   || total
-------------------------++-------
Melee: War axe           ||    67
 Abil: Heal Wounds       ||     2
Armor: Scale mail        ||    20
Dodge: Dodged            ||    20
Block: Kite shield       ||    29

Table legend:
 A = Non-vault XP
 B = Vault XP
 C = Vault XP percentage of total XP
 D = Non-vault monster count
 E = Vault monster count
 F = Vault count percentage of total count
                 A         B        C        D         E       F
            +---------+---------+-------+---------+---------+-------
      Total |      29 |      41 |  58.6 |      17 |       5 |  22.7
            +---------+---------+-------+---------+---------+-------
        D:1 |      12 |       8 |  40.0 |       9 |       4 |  30.8
        D:2 |      17 |      33 |  66.0 |       8 |       1 |  11.1
            +---------+---------+-------+---------+---------+-------
